 Dungeon Crawl Stone Soup version 0.24.0-13-gcf9b319 (webtiles) character file.

Game seed: 9906182125402096673, levelgen mode: deterministic

154 Bronimir the Gusty (level 5, 0/28 HPs)
             Began as a Tengu Air Elementalist on Apr 12, 2020.
             Succumbed to an adder's poison
             ... on level 3 of the Dungeon.
             The game lasted 00:07:47 (2976 turns).

Bronimir the Gusty (Tengu Air Elementalist)         Turns: 2976, Time: 00:07:48

Health: 0/28       AC:  2    Str: 10    XL:     5   Next: 35%
Magic:  4/10       EV: 15    Int: 15    God:
Gold:   84         SH:  0    Dex: 14    Spells: 3/9 levels left

rFire    . . .     SeeInvis .   e - +0 whip
rCold    . . .     Gourm    .   (no shield)
rNeg     . . .     Faith    .   a - +0 robe
rPois    .         Spirit   .   (helmet restricted)
rElec    .         Reflect  .   (no cloak)
rCorr    .         Harm     .   (no gloves)
MR       .....                  (boots unavailable)
Stlth    ++........             (no amulet)
HPRegen  0.09/turn              (no ring)
MPRegen  0.12/turn              (no ring)

@: lethally poisoned (0 -> -3), flying quickly and evasively, very slightly
contaminated, quick
A: beak, talons 3, able to fly
a: Stop Flying


You were on level 3 of the Dungeon.
You were not hungry.

You visited 1 branch of the dungeon, and saw 3 of its levels.

You collected 84 gold pieces.

Inventory:

Hand Weapons
 e - a +0 whip (weapon)
Missiles
 b - 28 poisoned darts (quivered)
 g - 39 stones
 i - 24 bolts
Armour
 a - a +0 robe (worn)
Jewellery
 d - an uncursed ring of fire
Scrolls
 h - a scroll of identify {unknown}
 j - a scroll of fear {unknown}
 k - a scroll of random uselessness {unknown}
 l - 2 scrolls of teleportation {unknown}
 m - a scroll of magic mapping {unknown}
Comestibles
 c - 3 rations
 f - 3 chunks of flesh


   Skills:
 + Level 0.5 Throwing
 * Level 1.4 Armour
 * Level 2.7 Dodging
 - Level 2.0 Stealth
 * Level 2.7 Spellcasting
 * Level 3.2 Conjurations
 * Level 5.6 Air Magic


You had 3 spell levels left.
You knew the following spells:

 Your Spells              Type           Power        Failure   Level  Hunger
a - Shock                 Conj/Air       ###.         3%          1    #......
b - Swiftness             Chrm/Air       ##......     10%         2    ##.....
c - Static Discharge      Conj/Air       ###.....     10%         3    ###....

Your spell library contained the following spells:

 Spells                   Type           Power        Failure   Level  Hunger
 Airstrike                Air            ###.......   21%         4    #####..
 Lightning Bolt           Conj/Air       ###.......   67%         5    ######.


Dungeon Overview and Level Annotations

Branches:
Dungeon (3/15)

Altars:


Innate Abilities, Weirdness & Mutations

You have a beak for a mouth.
You have claws for feet.
You can fly continuously.


Message History

Casting: Shock (safe; 3% risk of failure)
Confirm with . or Enter, or press ? or * to list all spells.
Aiming: Shock (safe; 3% risk of failure)
Press: ? - help, Shift-Dir - straight line, f/p - adder
Aim: an adder (severely wounded)
The zap misses the adder.
The adder bites you.
* * * LOW HITPOINT WARNING * * *
The adder closely misses you.
You aren't carrying any potions.
Casting: Shock (safe; 3% risk of failure)
Confirm with . or Enter, or press ? or * to list all spells.
Aiming: Shock (safe; 3% risk of failure)
Press: ? - help, Shift-Dir - straight line, f/p - adder
Aim: an adder (severely wounded)
The zap hits the adder.
You kill the adder!
You hear the rapid rusting of a drain nearby.
* * * LOW HITPOINT WARNING * * *
You feel sick.
You die...

#. #.#.# #....?..# #.#
##.##.#.##### ###.####..# #.##
#.........# ............## #.g#
......#)#.#.#.###...##.#)####?+##
#.##......w....##(#.##.##.###....
#.##...#######....#.##.###g..####
#......# ## #.#.......# #####
....#..# # #..>##.#### #......+
+..@...# #...#..# #.#.####
....##.# # #.# .......###+### ..#
..#............###
.........#####. ###......# #
###......# ....######


There were no monsters in sight!

Vanquished Creatures
  A hound (D:3)
  Jessica (D:2)
  2 adders (D:3)
  An ooze (D:1)
  2 worms
  3 dart slugs
  4 leopard geckos
  5 orcs (D:3)
  3 bats
  3 giant cockroaches
  2 goblins
  8 hobgoblins
  3 jackals (D:3)
  6 kobolds
  A quokka (D:2)
  2 ball pythons (D:2)
  2 frilled lizards
  4 rats
53 creatures vanquished.

Notes
Turn   | Place    | Note
-------+----------+-------------------------------------------
     0 | D:1      | Bronimir the Tengu Air Elementalist began the quest for the
                  | Orb.
     0 | D:1      | Reached XP level 1. HP: 10/10 MP: 4/4
   184 | D:1      | Reached XP level 2. HP: 3/15 MP: 4/6
   961 | D:1      | Reached XP level 3. HP: 19/19 MP: 0/7
  1254 | D:1      | Reached skill level 5 in Air Magic
  2052 | D:2      | Reached skill level 1 in Armour
  2317 | D:2      | Noticed Jessica
  2353 | D:3      | Learned a level 2 spell: Swiftness
  2357 | D:3      | Learned a level 3 spell: Static Discharge
  2378 | D:2      | Killed Jessica
  2378 | D:2      | Reached XP level 4. HP: 22/24 MP: 1/8
  2555 | D:3      | Gained mutation: You can fly continuously. [Tengu growth]
  2555 | D:3      | Reached XP level 5. HP: 7/28 MP: 4/9
  2969 | D:3      | HP: 1/28 [adder (3)]
  2976 | D:3      | Succumbed to an adder's poison

Levels and vault maps discovered:
D:1:      tarquinn_simple_flora_water_b, layout_basic, serial_forest,
          infiniplex_forest_straight_4, infiniplex_forest_end_2,
          infiniplex_forest_zigzag_2, infiniplex_forest_straight_2,
          infiniplex_forest_clump_medium, infiniplex_forest_corner_1
D:2:      layout_basic, uniq_jessica
D:3:      layout_loops_cross, lemuel_doored_altar, gup_sewer_entry_bowl

Skill      XL: |  1  2  3  4  5 |
---------------+----------------+-----
Air Magic      | 5 |  5.6
Armour         | 1 |  1.4
Conjurations   | 2 3 |  3.2
Throwing       | |  0.5
Dodging        | |  2.7
Stealth        | |  2.0
Spellcasting   | |  2.7

Action                   |  1- 3 |  4- 6 || total
-------------------------+-------+-------++-------
Melee: Unarmed           |     4 |       ||     4
       Peck              |     2 |     2 ||     4
       Whip              |    18 |    14 ||    32
       Kick              |     3 |       ||     3
Throw: Dart              |    27 |       ||    27
 Cast: Shock             |    84 |    29 ||   113
       Static Discharge  |       |     2 ||     2
 Abil: Fly               |       |     1 ||     1
  Use: Potion            |     2 |       ||     2
  Eat: Chunk             |     5 |     3 ||     8
Armor: Robe              |     4 |     6 ||    10
Dodge: Dodged            |    28 |    31 ||    59
